Map: Ephemeron LE

Players

MaSa

  • Race: Terran Terran
  • Spawn Location: 5:00

thermostaat (uThermal) - Winner!

  • Race: Terran Terran
  • Spawn Location: 11:00

Event: Cheeseadelphia XI, Cheeseadelphia XI

VOD

Have the link to the VOD?

Description

Time

  • Played on: Dec. 15, 2019, 5:55 p.m.
  • Length: 9:53

All games in this series

Show
View Real Time Build Order
Export as new Build Order

MaSa Terran 

Build Orders: Gas First Reaper Expand 

Get SALT Encoding   

  12  0:00  SCV  
  13  0:12  SCV  
  14  0:17  Supply Depot  
  14  0:24  SCV  
  14  0:27  Refinery  
  15  0:38  SCV  
  16  0:44  Barracks  
  16  0:50  SCV  
  17  1:02  SCV  
  18  1:15  SCV  
  19  1:31  Orbital Command, Reaper  
  20  1:48  Command Center  
  20  1:56  Factory  
  20  2:00  SCV  
  21  2:05  Reaper  
  22  2:12  Supply Depot  
  22  2:14  SCV  
  23  2:26  SCV  
  23  2:28  Refinery  
  22  2:38  SCV  
  22  2:41  Hellion  
  24  2:44  Barracks Tech Lab  
  24  2:50  SCV  
  25  2:56  Starport  
  25  3:00  Orbital Command  
  25  3:02  SCV  
  26  3:08  Factory Tech Lab  
  26  3:09  Refinery  
  26  3:14  Barracks Reactor  
  26  3:15  SCV  
  27  3:27  SCV  
  27  3:28  SCV  
  27  3:32  Cyclone  
  32  3:39  SCV  
  32  3:40  Supply Depot  
  33  3:43  Banshee  
  33  3:44  SCV  
  35  3:51  SCV  
  35  3:52  Marine x2  
  38  3:56  SCV  
  38  4:01  Supply Depot  
  39  4:03  SCV  
  39  4:08  SCV  
  39  4:09  Marine  
  41  4:10  Marine  
  41  4:14  Siege Tank  
  41  4:16  SCV  
  47  4:21  Supply Depot  
  47  4:22  SCV  
  48  4:27  Marine  
  48  4:30  Raven, SCV  
  52  4:34  SCV  
  52  4:38  Marine  
  54  4:42  SCV  
  54  4:45  Marine  
  50  4:51  SCV  
  47  4:54  SCV  
  47  4:55  Marine  
  44  5:03  SCV  
  44  5:06  SCV  
  34  5:15  SCV  
  34  5:17  Raven  
  34  5:18  SCV  
  34  5:21  Marine x2  
  39  5:27  SCV  
  41  5:30  SCV  
  42  5:39  SCV  
  42  5:41  Siege Tank, Marine  
  42  5:42  SCV, Marine  
  49  5:51  SCV  
  49  5:54  SCV  
  51  5:59  Marine x2  
  51  6:00  Banshee  
  51  6:03  SCV  
  57  6:07  SCV  
  58  6:13  Siege Tank  
  58  6:16  SCV  
  62  6:22  SCV  
  63  6:28  Marine  
  63  6:29  SCV, Command Center, Marine  
  66  6:46  SCV  
  69  6:52  SCV  
  70  7:04  SCV  
  70  7:06  Barracks  
  70  7:07  Barracks  
  69  7:14  SCV  
  70  7:16  Engineering Bay  
  70  7:17  Engineering Bay  
  70  7:19  SCV, Supply Depot  
  70  7:21  Stimpack  
  63  7:32  Supply Depot  
  63  7:33  Viking  
  64  7:37  SCV x2  
  64  7:42  Viking  
  68  7:46  Marine  
  70  7:51  Orbital Command  
  70  7:53  SCV  
  70  7:54  SCV  
  70  7:57  Barracks Reactor  
  70  7:58  Barracks Reactor  
  71  8:05  Viking  
  71  8:07  SCV  
  71  8:08  SCV  
  75  8:18  SCV  
  75  8:19  SCV  
  77  8:20  SCV  
  77  8:22  Refinery  
  77  8:23  Marine  
  79  8:30  SCV  
  79  8:31  SCV, Sensor Tower  
  79  8:32  SCV  
  82  8:37  Viking  
  82  8:41  Marine  
  84  8:42  Viking  
  84  8:43  SCV  
  84  8:44  Sensor Tower  
  84  8:46  Marine  
  84  8:47  SCV x2  
  89  8:50  Siege Tank  
  89  8:55  SCV  
  93  8:59  SCV  
  93  9:00  SCV  
  93  9:02  Marine x3  
  97  9:04  Armory  
  97  9:06  Marine  
  97  9:07  SCV  
  99  9:11  Barracks, SCV, Refinery  
  99  9:12  Barracks, Refinery  
  99  9:13  Supply Depot  
  99  9:15  Viking  
  101  9:24  SCV  
  90  9:33  SCV  
Show
View Real Time Build Order
Export as new Build Order

thermostaat Terran - Winner!

Build Orders: Gas First Reaper Expand, Liberator Opening 

Get SALT Encoding   

  12  0:01  SCV  
  13  0:13  SCV  
  14  0:16  Supply Depot  
  14  0:25  SCV  
  14  0:27  Refinery  
  15  0:38  SCV  
  16  0:44  Barracks  
  16  0:50  SCV  
  17  1:02  SCV  
  18  1:14  SCV  
  19  1:31  Orbital Command, Reaper  
  20  1:45  Command Center  
  20  1:57  SCV  
  21  2:03  Factory  
  21  2:04  Barracks Reactor  
  21  2:09  SCV  
  21  2:13  Supply Depot  
  22  2:21  SCV  
  23  2:29  Refinery  
  22  2:33  SCV  
  23  2:45  SCV  
  24  2:52  Starport  
  24  2:55  Hellion  
  24  2:56  Hellion  
  24  2:58  Orbital Command  
  28  2:59  SCV  
  29  3:11  SCV  
  30  3:14  Liberator  
  30  3:17  Hellion x2  
  34  3:23  SCV  
  34  3:24  SCV  
  36  3:28  Supply Depot  
  39  3:35  SCV  
  39  3:38  Hellion  
  42  3:41  Hellion  
  42  3:43  SCV  
  45  3:49  Barracks Tech Lab  
  45  3:51  SCV  
  46  3:57  SCV  
  46  4:00  Hellion  
  49  4:03  Supply Depot, Hellion  
  49  4:04  SCV, Refinery  
  49  4:09  SCV  
  53  4:16  SCV  
  54  4:25  Raven, SCV  
  54  4:26  Supply Depot  
  54  4:27  Marine x2  
  54  4:28  SCV  
  60  4:31  Supply Depot  
  60  4:34  Factory Tech Lab  
  60  4:37  SCV  
  61  4:40  SCV  
  62  4:48  Marine x2  
  62  4:49  SCV  
  62  4:52  SCV  
  64  4:58  Cyclone  
  58  5:01  SCV  
  58  5:04  SCV  
  58  5:05  Marine x2  
  54  5:07  Raven  
  54  5:13  SCV  
  50  5:16  SCV  
  50  5:19  Command Center  
  50  5:22  Bunker  
  50  5:23  Marine x2  
  50  5:25  SCV  
  51  5:28  SCV  
  51  5:30  Siege Tank  
  54  5:37  SCV  
  54  5:40  Refinery  
  54  5:41  SCV, Marine x2  
  59  5:50  SCV, Supply Depot  
  59  5:53  SCV  
  59  6:02  SCV, Siege Tank  
  61  6:05  SCV  
  61  6:06  Viking x2  
  66  6:13  Stimpack, Marine  
  66  6:14  SCV  
  66  6:17  SCV  
  66  6:18  Supply Depot  
  69  6:24  Engineering Bay x2  
  69  6:26  SCV  
  69  6:29  SCV  
  69  6:30  Marine  
  72  6:34  Siege Tank  
  72  6:36  Viking  
  72  6:38  SCV  
  80  6:42  SCV  
  80  6:45  Viking  
  79  6:48  Marine  
  79  6:51  SCV, Orbital Command  
  81  7:00  SCV, Terran Infantry Weapons Level 1, Terran Infantry Armor Level 1  
  80  7:02  Barracks  
  80  7:03  Barracks  
  80  7:06  Siege Tank  
  83  7:10  SCV  
  83  7:13  SCV  
  84  7:20  Marine  
  87  7:23  Starport Reactor  
  87  7:24  Barracks, SCV  
  87  7:25  Barracks  
  87  7:26  Orbital Command  
  86  7:31  SCV  
  86  7:33  Missile Turret  
  86  7:34  Missile Turret  
  86  7:36  SCV  
  88  7:38  Siege Tank, Marine  
  88  7:43  SCV  
  93  7:48  SCV  
  93  7:50  Barracks Reactor  
  93  7:51  Barracks Reactor  
  94  7:53  SCV  
  94  7:55  SCV  
  94  7:56  Marine  
  97  8:00  SCV, Sensor Tower  
  97  8:05  SCV  
  99  8:07  Combat Shield, Refinery x2  
  99  8:09  Missile Turret, SCV  
  100  8:13  Barracks Reactor  
  100  8:14  Barracks Reactor  
  100  8:16  SCV  
  100  8:18  Viking  
  103  8:22  Viking  
  103  8:25  Supply Depot, Marine  
  107  8:27  SCV  
  107  8:30  Supply Depot  
  107  8:32  SCV, Marine  
  109  8:40  Supply Depot  
  109  8:43  Armory  
  109  8:46  SCV, Siege Tank, Marine x3  
  116  8:51  Medivac, Marine x2  
  116  8:52  Medivac, Marine  
  116  8:53  Supply Depot, Marine  
  124  8:56  Marine  
  124  9:01  Supply Depot x2, Marine  
  126  9:04  Supply Depot, Marine  
  127  9:14  Command Center  
  127  9:16  Marine x2  
  129  9:17  Marine  
  129  9:18  Marine  
  129  9:19  Marine x2  
  129  9:20  Marine  
  129  9:21  Medivac, Marine  
  129  9:22  Medivac, Marine  
  139  9:34  Marine x2  
Tags
 
Add a new tag
Caveats
  • Supply blocks, unpowered buildings, or Contaminate may cause inaccurate times.
  • Supply counts are checked every 10 seconds.